 Dungeon Crawl Stone Soup version 0.20.1-1-g8b1a95d (webtiles) character file.

77 keltmir the Changer (level 4, -5/35 HPs)
             Began as a Draconian Transmuter on Oct 31, 2017.
             Slain by a gnoll
             ... wielding a +0 flail
              (14 damage)
             ... on level 2 of the Dungeon.
             The game lasted 00:05:55 (2131 turns).

keltmir the Changer (Draconian Transmuter)          Turns: 2131, Time: 00:05:56

Health: -5/35      AC:  5    Str: 17    XL:     4   Next: 13%
Magic:  3/7        EV: 12    Int: 14    God:
Gold:   63         SH:  0    Dex: 12    Spells: 3/7 levels left

rFire    . . .     SeeInvis .     - Unarmed
rCold    . . .     Gourm    .   (no shield)
rNeg     . . .     Faith    .   (armour unavailable)
rPois    .         Spirit   .   (helmet restricted)
rElec    .         Reflect  .   (no cloak)
rCorr    .         Harm     .   (no gloves)
MR       .....                  (no boots)
Stlth    +.........             (no amulet)
Regen    0.2/turn               (no ring)
MPRegen  0.1/turn               (no ring)

@: mighty, very slightly contaminated
A: unfitting armour, cold-blooded, AC +5
a: no special abilities


You were on level 2 of the Dungeon.
You were hungry.

You visited 1 branch of the dungeon, and saw 3 of its levels.

You collected 63 gold pieces.

Inventory:

Missiles
 a - 55 arrows
Magical Staves
 d - an uncursed staff of summoning {unknown}
Jewellery
 e - a +4 ring of slaying {unknown}
Scrolls
 f - a scroll of magic mapping
 g - a scroll of immolation {unknown}
 i - a scroll of teleportation {unknown}
Books
 b - a book of Changes

   Spells                             Type                      Level
   a - Beastly Appendage              Transmutation                1
   b - Sticks to Snakes               Transmutation                2
   c - Spider Form                    Transmutation/Poison         3
   d - Ice Form                       Ice/Transmutation            4
   e - Blade Hands                    Transmutation                5
Comestibles
 c - 3 bread rations
 j - 5 chunks of flesh


   Skills:
 - Level 1.1 Fighting
 - Level 1.7 Dodging
 - Level 3.0 Unarmed Combat
 - Level 2.0 Spellcasting
 * Level 4.4 Transmutations


You had 3 spell levels left.
You knew the following spells:

 Your Spells              Type           Power        Failure   Level  Hunger
a - Beastly Appendage     Tmut           ##....       3%          1    ##.....
b - Spider Form           Tmut/Pois      #.........   28%         3    ####...


Dungeon Overview and Level Annotations

Branches:
Dungeon (3/15)

Altars:

Annotations:
D:3 Linguinho's ghost, amateur DsEn


Innate Abilities, Weirdness & Mutations

Your plain brown scales are hard. (AC +5)
You cannot fit into any form of body armour.
You are cold-blooded and may be slowed by cold attacks.


Message History

Casting: Spider Form
Confirm with . or Enter, or press ? or * to list all spells.
You miscast Spider Form.
You are very lightly contaminated with residual magic.
You smell something strange.
The gnoll shouts!
You are too injured to fight recklessly!
Things that are here:
a halberd; a gnoll skeleton You punch the gnoll!
The gnoll is heavily wounded.
The gnoll hits you with a flail.
* * * LOW HITPOINT WARNING * * *
You hit the gnoll.
The gnoll is severely wounded.
You are feeling hungry.
You hit the gnoll.
The gnoll is almost dead.
The gnoll hits you with a flail!
You die...

#.####### #..<#.# #..# #.#
#.# #.#.#.####..# #.# #.#
#[#.#....#..# #.# #.#
#.#.###.##..# #.# #.#
#.#.........# #.# #.#
######.......###.# #.# #.#
#....(..########.###.#
#.####.............)......#
((.(...).......g@..>#.#####
#(####รท......######.#.#
#.# #.......# #.#.# #.#
#.......... ....# #.#
#.......### ##.### #.#
######### #.# #.# #.# #.#
#.# #.#################.#


You could see a gnoll.

Vanquished Creatures
  2 gnolls (D:2)
  An adder (D:2)
  An ooze (D:1)
  2 dart slugs (D:1)
  A leopard gecko (D:1)
  7 bats
  3 goblins
  7 hobgoblins
  7 jackals
  4 kobolds
  A quokka (D:3)
  A frilled lizard (D:2)
37 creatures vanquished.

Notes
Turn   | Place    | Note
-------+----------+-------------------------------------------
     0 | D:1      | keltmir the Draconian Transmuter began the quest for the Orb.
     0 | D:1      | Reached XP level 1. HP: 16/16 MP: 3/3
    84 | D:1      | Reached XP level 2. HP: 7/23 MP: 5/5
    90 | D:1      | Reached skill level 3 in Transmutations
   870 | D:1      | Reached XP level 3. HP: 26/28 MP: 6/6
  1804 | D:2      | Reached skill level 4 in Transmutations
  1934 | D:2      | Learned a level 3 spell: Spider Form
  2095 | D:3      | Noticed Linguinho's ghost (amateur DsEn)
  2111 | D:2      | Reached XP level 4. HP: 8/35 MP: 4/7
  2131 | D:2      | Slain by a gnoll

Skill      XL: |  1  2  3 |
---------------+----------+-----
Transmutations | 3 4 |  4.4
Fighting       | |  1.1
Dodging        | |  1.7
Unarmed Combat | |  3.0
Spellcasting   | |  2.0

Action                   |  1- 3 |  4- 6 || total
-------------------------+-------+-------++-------
Melee: Unarmed           |   145 |     3 ||   148
       Tailslap          |    14 |       ||    14
       Kick              |     1 |       ||     1
       Headbutt          |     1 |       ||     1
       Punch             |     1 |       ||     1
 Cast: Beastly Appendage |     4 |       ||     4
       Spider Form       |     1 |       ||     1
  Use: Scroll            |     3 |       ||     3
       Potion            |     2 |       ||     2
 Stab: Distracted        |     1 |       ||     1
  Eat: Chunk             |     4 |       ||     4
Armor: Skin              |    62 |       ||    62
Dodge: Dodged            |   126 |       ||   126
